 Dungeon Crawl Stone Soup version 0.31-a0-261-g072fdb8a1f (webtiles) character file.

Game seed: 5393896888607992209

50 qw the Shooter (level 3, -3/21 HPs)
             Began as a Gargoyle Hexslinger on July 13, 2023.
             Slain by Sigmund
             ... wielding a +0 scythe
              (4 damage)
             ... on level 2 of the Dungeon.
             The game lasted 00:00:39 (1145 turns).

qw the Shooter (Gargoyle Hexslinger)                Turns: 1145, Time: 00:00:39

Health: -3/21      AC: 10    Str: 11    XL:     3   Next: 79%
Magic:  4/4        EV: 10    Int: 13    God:
Gold:   63         SH:  0    Dex: 14    Spells: 3/4 levels left

rFire   . . .        Y - +1 sling
rCold   + . .        (no shield)
rNeg    + . .        d - +0 ring mail
rPois   inf          (no helmet)
rElec   +            (no cloak)
rCorr   .            (no gloves)
SInv    .            (no boots)
Will    .....        (no amulet)
Stlth   +            (no ring)
HPRegen 0.23/turn    (no ring)
MPRegen 0.09/turn

%: no passive effects
@: no status effects
A: sickness immunity, AC +3, negative energy resistance 1, electricity
resistance, torment resistance 1, petrification resistance, iridescent scales 1,
cold resistance 1, wild magic 1
a: no special abilities


You were on level 2 of the Dungeon.
You visited 1 branch of the dungeon, and saw 2 of its levels.

You collected 63 gold pieces.


Innate Abilities, Weirdness & Mutations

You are immune to sickness and miasma.
Your stone body is resilient. (AC +3)
You are immune to poison.
You resist negative energy. (rN+)
You are resistant to electric shocks. (rElec)
You are resistant to unholy torment.
You are immune to petrification.
You are partially covered in iridescent scales. (AC +2)
Your flesh is cold resistant. (rC+)
Your spells are a little harder to cast, but a little more powerful.


   Skills:
 - Level 2.0 Fighting
 + Level 3.6 Ranged Weapons
 - Level 1.5 Dodging
 - Level 1.0 Spellcasting
 - Level 2.6 Hexes


You had 3 spell levels left.
You knew the following spells:

 Your Spells              Type           Power      Damage    Failure   Level
a - Slow                  Hex            36%        N/A       30%         1

Your spell library contained the following spells:

 Spells                   Type           Power      Damage    Failure   Level
 Inner Flame              Hex/Fire       5%         N/A       82%         3
 Portal Projectile        Hex/Tloc       10%        N/A       82%         3
 Cause Fear               Hex            4%         N/A       95%         4

Inventory:

Hand Weapons
 Y - a +1 sling (weapon)
Armour
 d - a +0 ring mail (worn)
Scrolls
 a - 2 scrolls of identify
Potions
 b - a potion of degeneration
 f - a potion of haste
 i - a potion of heal wounds {unknown}
 j - a potion of attraction {unknown}
 l - a potion of mutation

Dungeon Overview and Level Annotations

Branches:
Dungeon (2/15)

Altars:

Annotations:
D:2 Sigmund


Message History

Sigmund barely misses you.
You feel less confused. Sigmund misses you.
You shoot a sling bullet. The sling bullet barely misses Sigmund.
Sigmund closely misses you.
You shoot a sling bullet. The sling bullet hits Sigmund.
Sigmund is lightly wounded.
Sigmund closely misses you.
You shoot a sling bullet.
The sling bullet closely misses Sigmund.
Sigmund gestures at you while chanting.
You are confused.
Sigmund hits you but does no damage.
Sigmund hits you from afar with a +0 scythe!
Sigmund misses you.
You feel less confused.
Sigmund hits you from afar with a +0 scythe.
Enter note:
1137 ||| READING 3 scrolls of identify.
As you read the scroll of identify, it crumbles to dust.
b - a potion of degeneration;
1137 ||| IDENTIFYING yellow potion Sigmund barely misses you.
Enter note:
Enter note:
Enter note: You start resting.
Sigmund is nearby!
1141 ||| FLEEEEING.
1142 ||| FLEEEEING.
You shoot a sling bullet. The sling bullet hits Sigmund.
Sigmund is lightly wounded.
Sigmund hits you from afar with a +0 scythe.
You shoot a sling bullet.
The sling bullet closely misses Sigmund.
Sigmund gestures at you while chanting. The puff of flame hits you.
You shoot a sling bullet. The sling bullet hits Sigmund.
Sigmund is heavily wounded.
Sigmund hits you from afar with a +0 scythe.
You die...

..#.# . #.# #)#
#.# .# #.# #.##
#.#####...###
#.###..........>#
#..........###@.#
#########..#
#..###.##
##@###........
##.@.########
#####


You could see Sigmund.

Vanquished Creatures
  An adder (D:2)
  A worm (D:2)
  A ball python (D:1)
  4 bats (D:1)
  An endoplasm (D:1)
  2 giant cockroaches (D:1)
  4 hobgoblins
  2 jackals (D:1)
  A quokka (D:1)
  2 frilled lizards (D:1)
  A goblin (D:1)
  11 kobolds
  7 rats (D:1)
38 creatures vanquished.

Notes
Turn   | Place    | Note
-------+----------+-------------------------------------------
     0 | D:1      | qw the Gargoyle Hexslinger began the quest for the Orb.
     0 | D:1      | Reached XP level 1. HP: 12/12 MP: 2/2
     0 | D:1      | 0 ||| qw: Version: 0.3-a-52-g30416fa
     0 | D:1      | 0 ||| qw: Game counter: 7036
     0 | D:1      | 0 ||| qw: Melee chars always use a shield: true
     0 | D:1      | 0 ||| qw: God list: Okawaru
     0 | D:1      | 0 ||| qw: Allow faded altars: false
     0 | D:1      | 0 ||| qw: Do Orc after clearing Dungeon:15 true
     0 | D:1      | 0 ||| qw: Do second Lair branch before Depths: true
     0 | D:1      | 0 ||| qw: Lair rune preference: random
     0 | D:1      | 0 ||| qw: Goals: Normal
     0 | D:1      | 0 ||| PLANNING D:1-11
    64 | D:1      | Reached XP level 2. HP: 16/16 MP: 3/3
   141 | D:1      | Reached skill level 3 in Ranged Weapons
   329 | D:1      | 329 ||| FLEEEEING.
   330 | D:1      | 330 ||| FLEEEEING.
   331 | D:1      | 331 ||| FLEEEEING.
   332 | D:1      | 332 ||| FLEEEEING.
   333 | D:1      | 333 ||| FLEEEEING.
   370 | D:1      | Reached XP level 3. HP: 21/21 MP: 4/4
   805 | D:1      | 805 ||| UPGRADING to +0 ring mail.
   815 | D:1      | 815 ||| DROPPING +0 robe.
   816 | D:1      | 816 ||| READING 3 scrolls labelled SODGHE XEYXEIR.
   817 | D:1      | 817 ||| READING scroll labelled DITZOG XIUNLI.
   818 | D:1      | 818 ||| READING scroll labelled CUNUCWU TIROHI.
   819 | D:1      | 819 ||| READING scroll labelled MAORGH MAEMAR.
   920 | D:1      | 920 ||| DRINKING 2 bubbling emerald potions.
   920 | D:1      | Gained mutation: Your spells are a little harder to cast,
                  | but a little more powerful. [potion of mutation]
   920 | D:1      | Gained mutation: You are partially covered in iridescent
                  | scales. (AC +2) [potion of mutation]
   920 | D:1      | Gained mutation: Your flesh is cold resistant. (rC+)
                  | [potion of mutation]
   921 | D:1      | 921 ||| READING 2 scrolls of identify.
   921 | D:1      | 921 ||| IDENTIFYING bubbling brown potion
   922 | D:1      | 922 ||| DROPPING scroll of poison.
  1115 | D:2      | Noticed Sigmund
  1137 | D:2      | 1137 ||| READING 3 scrolls of identify.
  1137 | D:2      | 1137 ||| IDENTIFYING yellow potion
  1141 | D:2      | 1141 ||| FLEEEEING.
  1142 | D:2      | 1142 ||| FLEEEEING.
  1144 | D:2      | HP: 1/21 [Sigmund/puff of flame (6)]
  1145 | D:2      | Slain by Sigmund

Levels and vault maps discovered:
D:1:      wander_arrival_fairy_ring, layout_basic, serial_glass,
          glass_columns_b, glass_columns_c, glass_columns_a, glass_columns_b,
          glass_columns_b, item_on_display_a, minmay_misc_feat_chi,
          lexackson_kobold_supper
D:2:      layout_loops_ring, grunt_decor_fettered, uniq_sigmund

Skill      XL: |  1  2 |
---------------+-------+-----
Ranged Weapons | 3 |  3.6
Fighting       | 2 |  2.0
Dodging        | |  1.5
Spellcasting   | |  1.0
Hexes          | |  2.6

Action                     || total
---------------------------++-------
   Fire: Sling             ||   130
    Use: Scroll            ||     6
         Potion            ||     1
 Armour: Robe              ||    14
         Ring mail         ||    17
  Dodge: Dodged            ||    56

Table legend:
 A = Non-vault XP
 B = Vault XP
 C = Vault XP percentage of total XP
 D = Non-vault monster count
 E = Vault monster count
 F = Vault count percentage of total count
                 A         B        C        D         E       F
            +---------+---------+-------+---------+---------+-------
      Total |      61 |      11 |  15.3 |      30 |       8 |  21.1
            +---------+---------+-------+---------+---------+-------
        D:1 |      40 |      11 |  21.6 |      26 |       8 |  23.5
        D:2 |      21 |       0 |   0.0 |       4 |       0 |   0.0
            +---------+---------+-------+---------+---------+-------
